MLB
SAN FRANCISCO GIANTS @ MILWAUKEE BREWERS
02/28/2044
 
TOP OF THE 1ST
San Francisco Giants batting - Pitching for Milwaukee Brewers : RHP Matt Evans
Pitching: RHP Matt Evans
Batting: RHB Jason May 0-0: Fly out, F9 (Flyball, 9S, EV 72.5 MPH)
Batting: RHB Nate Hodson 0-0: Fly out, F7 (Flyball, 78XD, EV 105.6 MPH)
Batting: LHB Jack Henningar 0-0: Called Strike
0-1: Ball
1-1: SOLO HOME RUN (Flyball, 9D, EV 96.3 MPH), Distance : 363 ft
Batting: LHB Willis Robles 0-0: Foul Ball, location: 2F
0-1: Ball
1-1: SOLO HOME RUN (Flyball, 9D, EV 96.3 MPH), Distance : 373 ft
Batting: RHB Sean Zielinski 0-0: Foul Ball, location: 2F
0-1: Ball
1-1: Ground out 6-3 (Groundball, 6, EV 93.8 MPH)
Top of the 1st over - 2 runs, 2 hits, 0 errors, 0 left on base; San Francisco 2 - Milwaukee 0
BOTTOM OF THE 1ST
Milwaukee Brewers batting - Pitching for San Francisco Giants : RHP Casey Jones
Pitching: RHP Casey Jones
Batting: RHB Akitada Nishizawa 0-0: Ball
1-0: Ball
2-0: Called Strike
2-1: Swinging Strike
2-2: Strikes out swinging
Batting: RHB Cody Flowers 0-0: Called Strike
0-1: Called Strike
0-2: SINGLE (Flyball, 4MD, EV 81.9 MPH)
Batting: SHB Jason Woods 0-0: Ball
1-0: Fly out, F9 (Flyball, 9, EV 87.5 MPH)
Batting: LHB Cooper Broomhall 0-0: Ball
1-0: Called Strike
1-1: Called Strike
1-2: Ball
Cody Flowers steals 2nd base (no throw)
2-2: Foul Ball, location: 2F
2-2: Strikes out swinging
Bottom of the 1st over - 0 runs, 1 hit, 0 errors, 1 left on base; San Francisco 2 - Milwaukee 0
TOP OF THE 2ND
San Francisco Giants batting - Pitching for Milwaukee Brewers : RHP Matt Evans
Batting: RHB Jim Zucco 0-0: Ball
1-0: Ball
2-0: Ground out 4-3 (Groundball, 34, EV 85.0 MPH)
Batting: SHB Bill Dooms 0-0: Foul Ball, location: 2F
0-1: Foul Ball, location: 2F
0-2: Strikes out swinging
Batting: RHB Hugo Zacarias 0-0: Ball
1-0: Called Strike
1-1: Ball
2-1: Foul Ball, location: 2F
2-2: SINGLE (Line Drive, 3D, EV 105.6 MPH)
Batting: RHB Yutaka Oki 0-0: Called Strike
Hugo Zacarias steals 2nd base
0-1: Ball
1-1: Called Strike
1-2: Ball
Wild Pitch!
Hugo Zacarias to third
2-2: Ball
3-2: SINGLE (Line Drive, 7S, EV 91.9 MPH)
Hugo Zacarias scores
Batting: RHB Jason May 0-0: Ball
1-0: Called Strike
1-1: Ball
2-1: Ball
3-1: Base on Balls
Yutaka Oki to second
Batting: RHB Nate Hodson 0-0: SINGLE (Groundball, 56D, EV 101.9 MPH)
Yutaka Oki to third
Jason May to second
Runner from 3rd tries for Home, SAFE, throw by LF to home
Batting: LHB Jack Henningar 0-0: Called Strike
0-1: Called Strike
0-2: Ball
1-2: Strikes out swinging
Top of the 2nd over - 2 runs, 3 hits, 0 errors, 2 left on base; San Francisco 4 - Milwaukee 0
BOTTOM OF THE 2ND
Milwaukee Brewers batting - Pitching for San Francisco Giants : RHP Casey Jones
Batting: LHB Jeremy Kuiper 0-0: Called Strike
0-1: Called Strike
0-2: Ball
1-2: Strikes out looking
Batting: RHB Yuichi Matsuoka 0-0: Ground out 5-3 (Groundball, 5S, EV 92.5 MPH)
Batting: RHB Kisho Ito 0-0: Ball
1-0: Ball
2-0: Called Strike
2-1: Called Strike
2-2: Fly out, F8 (Flyball, 8RS, EV 90.0 MPH)
Bottom of the 2nd over - 0 runs, 0 hits, 0 errors, 0 left on base; San Francisco 4 - Milwaukee 0
TOP OF THE 3RD
San Francisco Giants batting - Pitching for Milwaukee Brewers : RHP Matt Evans
Batting: LHB Willis Robles 0-0: Foul Ball, location: 2F
0-1: Foul Ball, location: 2F
0-2: Strikes out swinging
Batting: RHB Sean Zielinski 0-0: Ball
1-0: Ball
2-0: Ball
3-0: Called Strike
3-1: Base on Balls
Batting: RHB Jim Zucco 0-0: Ball
1-0: Called Strike
Sean Zielinski steals 2nd base
1-1: SINGLE (Groundball, 56D, EV 108.8 MPH)
Sean Zielinski to third
Runner from 3rd tries for Home, SAFE, throw by LF to home
Batting: SHB Bill Dooms 0-0: Foul Ball, location: 2F
0-1: Ball
1-1: Ball
2-1: Grounds into double play, 6-4-3 (Groundball, 6, EV 83.8 MPH)
Top of the 3rd over - 1 run, 1 hit, 0 errors, 0 left on base; San Francisco 5 - Milwaukee 0
BOTTOM OF THE 3RD
Milwaukee Brewers batting - Pitching for San Francisco Giants : RHP Casey Jones
Batting: SHB Jean-François Bernard 0-0: Ball
1-0: Called Strike
1-1: Ball
2-1: Foul Ball, location: 2F
2-2: Ball
3-2: Foul Ball, location: 2F
3-2: SOLO HOME RUN (Flyball, 89XD, EV 112.5 MPH), Distance : 431 ft
Batting: RHB Noah Stanley 0-0: Called Strike
0-1: Swinging Strike
0-2: Foul Ball, location: 2F
0-2: Ball
1-2: Ball
2-2: Ball
3-2: Ground out 6-3 (Groundball, 6S, EV 80.0 MPH)
Batting: RHB Akitada Nishizawa 0-0: Ball
1-0: Swinging Strike
1-1: Called Strike
1-2: Ball
2-2: Strikes out swinging
Batting: RHB Cody Flowers 0-0: Ball
1-0: Called Strike
1-1: Ball
2-1: Foul Ball, location: 2F
2-2: Foul Ball, location: 2F
2-2: Ball
3-2: Ground out 1-3 (Groundball, 13S, EV 71.9 MPH)
Bottom of the 3rd over - 1 run, 1 hit, 0 errors, 0 left on base; San Francisco 5 - Milwaukee 1
TOP OF THE 4TH
San Francisco Giants batting - Pitching for Milwaukee Brewers : RHP Matt Evans
Batting: RHB Hugo Zacarias 0-0: Called Strike
0-1: SINGLE (Groundball, 4S, EV 68.8 MPH) (infield hit)
Batting: RHB Yutaka Oki Pickoff Throw to First - Out! 1-3
0-0: Ball
1-0: Ground out U3 (Groundball, 3, EV 85.0 MPH)
Batting: RHB Jason May 0-0: Ball
1-0: Called Strike
1-1: Ball
2-1: Ball
3-1: Fly out, F9 (Flyball, 9LM, EV 92.5 MPH)
Top of the 4th over - 0 runs, 1 hit, 0 errors, 0 left on base; San Francisco 5 - Milwaukee 1
BOTTOM OF THE 4TH
Milwaukee Brewers batting - Pitching for San Francisco Giants : RHP Casey Jones
Batting: SHB Jason Woods 0-0: Called Strike
0-1: Ball
1-1: Ball
2-1: Ball
3-1: Fly out, F9 (Flyball, 89D, EV 110.0 MPH)
Batting: LHB Cooper Broomhall 0-0: Ball
1-0: Ball
2-0: SOLO HOME RUN (Flyball, 89XD, EV 107.5 MPH), Distance : 416 ft
Batting: LHB Jeremy Kuiper 0-0: Called Strike
0-1: Swinging Strike
0-2: Ball
1-2: Ball
2-2: Ball
3-2: Strikes out swinging
Batting: RHB Yuichi Matsuoka 0-0: Swinging Strike
0-1: Swinging Strike
0-2: Ball
1-2: Foul Ball, location: 2F
1-2: Strikes out looking
Bottom of the 4th over - 1 run, 1 hit, 0 errors, 0 left on base; San Francisco 5 - Milwaukee 2
TOP OF THE 5TH
San Francisco Giants batting - Pitching for Milwaukee Brewers : RHP Matt Evans
Pitching: RHP Josh Kenyon
Batting: RHB Nate Hodson 0-0: Foul Ball, location: 2F
0-1: Ball
1-1: Ball
2-1: Ball
3-1: Fly out, F9 (Line Drive, 9D, EV 96.3 MPH)
Batting: LHB Jack Henningar 0-0: Ball
1-0: Foul Ball, location: 2F
1-1: Ball
2-1: SOLO HOME RUN (Flyball, 9D, EV 101.3 MPH), Distance : 391 ft
Batting: LHB Willis Robles 0-0: Ball
1-0: Ball
2-0: Fly out, F4 (Flyball, 34D, EV 86.9 MPH)
Batting: RHB Sean Zielinski 0-0: Swinging Strike
0-1: Ball
1-1: Ball
2-1: Fly out, F3 (Popup, 3F, EV 59.4 MPH)
Top of the 5th over - 1 run, 1 hit, 0 errors, 0 left on base; San Francisco 6 - Milwaukee 2
BOTTOM OF THE 5TH
Milwaukee Brewers batting - Pitching for San Francisco Giants : RHP Casey Jones
Pitching: RHP Evan Boy
Batting: RHB Kisho Ito 0-0: Ball
1-0: Ball
2-0: DOUBLE (Line Drive, 7LM, EV 96.3 MPH)
Batting: SHB Jean-François Bernard 0-0: Ball
1-0: Called Strike
1-1: Foul Ball, location: 2F
1-2: Ball
2-2: Ball
3-2: Foul Ball, location: 2F
3-2: Foul Ball, location: 2F
3-2: Base on Balls
Batting: RHB Noah Stanley 0-0: Ball
1-0: Ball
2-0: Called Strike
2-1: Foul Ball, location: 2F
2-2: Ball
3-2: Foul Ball, location: 2F
3-2: Fly out, F6 (Popup, 4M, EV 48.8 MPH)
Batting: RHB Akitada Nishizawa 0-0: Called Strike
0-1: Ball
1-1: Ball
2-1: Called Strike
2-2: Ball
3-2: Foul Ball, location: 2F
3-2: Fly out, F8 (Flyball, 89M, EV 92.5 MPH)
Runner from 2nd tags up, SAFE at 3rd with throw by CF
Batting: RHB Cody Flowers 0-0: Swinging Strike
0-1: Ball
1-1: Called Strike
1-2: Ball
2-2: Ball
3-2: Foul Ball, location: 2F
3-2: 3-RUN HOME RUN (Line Drive, 9LD, EV 93.8 MPH), Distance : 345 ft
Pitching: RHP Ben Sheets
Batting: SHB Jason Woods 0-0: Ball
1-0: Ball
2-0: Called Strike
2-1: Swinging Strike
2-2: Ball
3-2: Foul Ball, location: 2F
3-2: Foul Ball, location: 2F
3-2: Foul Ball, location: 2F
3-2: Base on Balls
Batting: LHB Cooper Broomhall 0-0: Called Strike
0-1: Fly out, F9 (Flyball, 9LD, EV 110.0 MPH)
Bottom of the 5th over - 3 runs, 2 hits, 0 errors, 1 left on base; San Francisco 6 - Milwaukee 5
TOP OF THE 6TH
San Francisco Giants batting - Pitching for Milwaukee Brewers : RHP Josh Kenyon
Batting: RHB Jim Zucco 0-0: Ball
1-0: Foul Ball, location: 2F
1-1: Fly out, F7 (Flyball, 7LS, EV 82.5 MPH)
Batting: SHB Bill Dooms 0-0: Ball
1-0: Swinging Strike
1-1: Swinging Strike
1-2: Strikes out swinging, 2-3 out at first.
Batting: RHB Hugo Zacarias 0-0: Ground out U3 (Groundball, 3, EV 80.0 MPH)
Top of the 6th over - 0 runs, 0 hits, 0 errors, 0 left on base; San Francisco 6 - Milwaukee 5
BOTTOM OF THE 6TH
Milwaukee Brewers batting - Pitching for San Francisco Giants : RHP Ben Sheets
Batting: LHB Jeremy Kuiper 0-0: Called Strike
0-1: Called Strike
0-2: Fly out, F7 (Flyball, 7LM, EV 88.1 MPH)
Batting: RHB Yuichi Matsuoka 0-0: Ball
1-0: Called Strike
1-1: Swinging Strike
1-2: Ball
2-2: Foul Ball, location: 2F
2-2: Strikes out looking
Batting: RHB Kisho Ito 0-0: Swinging Strike
0-1: Ball
1-1: Ball
2-1: Swinging Strike
2-2: Ball
3-2: Strikes out swinging
Bottom of the 6th over - 0 runs, 0 hits, 0 errors, 0 left on base; San Francisco 6 - Milwaukee 5
TOP OF THE 7TH
San Francisco Giants batting - Pitching for Milwaukee Brewers : RHP Josh Kenyon
Batting: RHB Yutaka Oki 0-0: Called Strike
0-1: Ball
1-1: Ground out 5-3 (Groundball, 56S, EV 71.3 MPH)
Pinch Hitting: RHB Quintin Parker 0-0: Called Strike
0-1: Ball
1-1: Ground out 6-3 (Groundball, 6M, EV 106.9 MPH)
Pinch Hitting: RHB Jason Gress 0-0: Foul Ball, location: 2F
0-1: Ball
1-1: Ball
2-1: Called Strike
2-2: Foul Ball, location: 2F
2-2: Foul Ball, location: 2F
2-2: Ground out U3 (Groundball, 3, EV 86.3 MPH)
Top of the 7th over - 0 runs, 0 hits, 0 errors, 0 left on base; San Francisco 6 - Milwaukee 5
BOTTOM OF THE 7TH
Milwaukee Brewers batting - Pitching for San Francisco Giants : RHP Ben Sheets
Pitching: LHP Travis Stichter
Now at 1B: Ken Welch
Now at 2B: Jason Gress
Batting: SHB Jean-François Bernard 0-0: Ball
1-0: Ball
2-0: Ball
3-0: Foul Ball, location: 2F
3-1: Base on Balls
Batting: RHB Noah Stanley 0-0: Ball
1-0: Grounds into double play, 4-6-3 (Groundball, 34S, EV 85.6 MPH)
Pinch Hitting: RHB Daniel Donovan 0-0: DOUBLE (Flyball, 8RXD, EV 99.4 MPH)
Pinch Hitting: RHB Adrian Rudkilde 0-0: Ball
1-0: Swinging Strike
1-1: Ground out 6-3 (Groundball, 6MS, EV 61.9 MPH)
Bottom of the 7th over - 0 runs, 1 hit, 0 errors, 1 left on base; San Francisco 6 - Milwaukee 5
TOP OF THE 8TH
San Francisco Giants batting - Pitching for Milwaukee Brewers : RHP Josh Kenyon
Pitching: LHP Waldemar van der Sluijs
Now at 2B: Adrian Rudkilde
Now in LF: Daniel Donovan
Batting: RHB Henri Cederberg 0-0: Ball
1-0: Called Strike
1-1: Foul Ball, location: 2F
1-2: Strikes out swinging
Pinch Hitting: RHB Xavier Castellanos 0-0: Ball
1-0: Called Strike
1-1: Called Strike
1-2: Ball
2-2: Ball
3-2: Foul Ball, location: 2F
3-2: Foul Ball, location: 2F
3-2: DOUBLE (Line Drive, 3D, EV 103.8 MPH)
Pinch Hitting: SHB Jason Spradling 0-0: Ball
Xavier Castellanos steals 3rd base
1-0: Foul Ball, location: 2F
1-1: Fly out, F8 (Line Drive, 8RM, EV 88.1 MPH)
Pinch Hitting: RHB Ray Llewellyn 0-0: Called Strike
0-1: Swinging Strike
0-2: Strikes out swinging
Top of the 8th over - 0 runs, 1 hit, 0 errors, 1 left on base; San Francisco 6 - Milwaukee 5
BOTTOM OF THE 8TH
Milwaukee Brewers batting - Pitching for San Francisco Giants : LHP Travis Stichter
Pitching: RHP Jorge Sosa
Now at 3B: Jason Spradling
Now at SS: Ray Llewellyn
Now in LF: Xavier Castellanos
Pinch Hitting: SHB Pat Wilson 0-0: Ball
1-0: Ground out 6-3 (Groundball, 6, EV 85.0 MPH)
Batting: LHB Tetsuya Oba 0-0: Called Strike
0-1: Ball
1-1: Ball
2-1: Ground out 1-3 (Groundball, 15S, EV 66.9 MPH)
Pinch Hitting: RHB Tim Lively 0-0: Foul Ball, location: 2F
0-1: Ball
1-1: Called Strike
1-2: Ball
2-2: Strikes out swinging
Bottom of the 8th over - 0 runs, 0 hits, 0 errors, 0 left on base; San Francisco 6 - Milwaukee 5
TOP OF THE 9TH
San Francisco Giants batting - Pitching for Milwaukee Brewers : LHP Waldemar van der Sluijs
Pitching: RHP Elliott Payne
Now in CF: Pat Wilson
Now in RF: Tim Lively
Pinch Hitting: RHB Tade Post 0-0: Ball
1-0: Called Strike
1-1: Swinging Strike
1-2: Ground out 5-3 (Groundball, 56, EV 106.9 MPH)
Pinch Hitting: RHB Nick Rigden 0-0: Foul Ball, location: 2F
0-1: Ball
1-1: Called Strike
1-2: Ball
2-2: Foul Ball, location: 2F
2-2: Ball
3-2: Foul Ball, location: 2F
3-2: Foul Ball, location: 2F
3-2: Strikes out looking
Pinch Hitting: RHB Martin Guerrero 0-0: Called Strike
0-1: Swinging Strike
0-2: Ball
1-2: Fly out, F3 (Popup, 3D, EV 63.8 MPH)
Top of the 9th over - 0 runs, 0 hits, 0 errors, 0 left on base; San Francisco 6 - Milwaukee 5
BOTTOM OF THE 9TH
Milwaukee Brewers batting - Pitching for San Francisco Giants : RHP Jorge Sosa
Pitching: RHP Borisz Barciniak
Now at C: Tade Post
Now in CF: Nick Rigden
Now in RF: Fred Arends
Pinch Hitting: RHB Ben Campbell 0-0: Ball
1-0: Foul Ball, location: 2F
1-1: Ball
2-1: Ground out 6-3 (Groundball, 6, EV 81.3 MPH)
Batting: RHB Kisho Ito 0-0: Foul Ball, location: 2F
0-1: Swinging Strike
0-2: Ball
1-2: Ball
2-2: Foul Ball, location: 2F
2-2: Strikes out swinging
Batting: SHB Jean-François Bernard 0-0: Swinging Strike
0-1: Called Strike
0-2: Foul Ball, location: 2F
0-2: Strikes out swinging
Bottom of the 9th over - 0 runs, 0 hits, 0 errors, 0 left on base; San Francisco 6 - Milwaukee 5
Thursday, March 31st , 2022 - OOTP Baseball 22.12 Build 89